 Dungeon Crawl Stone Soup version 0.30-a0-916-g9813417 (webtiles) character file.

Game seed: 1587076139583667383

44373 jagoly the Marksant (level 14, -4/108 HPs)
             Began as a Formicid Hunter on Apr 12, 2023.
             Was the Champion of Fedhas.
             Slain by a skyshark (17 damage)
             ... on level 4 of the Lair of Beasts on Apr 17, 2023.
             The game lasted 01:46:13 (20206 turns).

jagoly the Marksant (Formicid Hunter)              Turns: 20206, Time: 01:46:15

Health: -4/108     AC: 20    Str: 15    XL:     14   Next: 65%
Magic:  0/22       EV: 13    Int: 11    God:    Fedhas [******]
Gold:   1139       SH:  0    Dex: 21    Spells: 11/13 levels left

rFire   . . .      SeeInvis +    a - +0 shortbow
rCold   . . .      Faith    .    (no shield)
rNeg    . . .      Spirit   +    e - +9 scale mail of Boredom {Slay+2}
rPois   .          Reflect  .    (helmet unavailable)
rElec   .          Rampage  .    (no cloak)
rCorr   .                        N - +0 pair of gloves
Will    +....                    g - +0 pair of boots
Stlth   ++                       G - amulet of guardian spirit
HPRegen 0.38/turn                q - +4 ring of slaying
MPRegen 0.18/turn                s - +4 ring of slaying

@: no status effects
A: permanent stasis, dig shafts and tunnels, antennae 3, four strong arms
a: Dig, Shaft Self, Renounce Religion, Wall of Briars, Grow Ballistomycete,
Overgrow, Grow Oklob


You were on level 4 of the Lair of Beasts.
You worshipped Fedhas.
Fedhas was exalted by your worship.
You visited 2 branches of the dungeon, and saw 18 of its levels.
You also visited: Ossuary and Ice Cave.

You collected 1381 gold pieces.
You spent 242 gold pieces at shops.

Inventory:

Hand Weapons
 a - a +0 shortbow (weapon)
 x - a +0 arbalest
Missiles
 h - 29 poisoned darts
 m - 3 throwing nets
 Q - 3 curare-tipped darts
Armour
 d - a +1 kite shield of cold resistance
 e - the +9 scale mail of Boredom (worn) {Slay+2}
   (You bought it in a shop on level 12 of the Dungeon)

   Slay:      It affects your accuracy & damage with ranged weapons and melee
   (+2).
 g - a +0 pair of boots (worn)
 k - a +2 robe of willpower
 C - the +2 scale mail "Ujodin" {Regen+}
   (You found it in an ice cave)

   Regen:     It increases your rate of health regeneration.
 N - a +0 pair of gloves (worn)
Jewellery
 q - a +4 ring of slaying (left hand)
 s - a +4 ring of slaying (right hand)
 G - an amulet of guardian spirit (around neck)
 M - a ring of protection from cold
 R - a ring of poison resistance
 V - a ring of resist corrosion
Wands
 c - a wand of light (4)
 n - a wand of iceblast (11)
 I - a wand of charming (4)
 S - a wand of flame (8)
 T - a wand of mindburst (9)
Scrolls
 b - 3 scrolls of immolation
 f - 3 scrolls of silence
 p - 5 scrolls of vulnerability
 t - 2 scrolls of enchant armour {unknown}
 y - 6 scrolls of magic mapping
 z - a scroll of amnesia {unknown}
 A - 5 scrolls of enchant weapon
 B - 3 scrolls of brand weapon
 D - 3 scrolls of fog {unknown}
 K - 3 scrolls of fear
 U - a scroll of poison {unknown}
 W - 2 scrolls of torment {unknown}
 X - a scroll of acquirement {unknown}
Potions
 i - a potion of resistance {unknown}
 j - 6 potions of curing
 l - 2 potions of attraction {unknown}
 o - a potion of degeneration {unknown}
 r - 3 potions of ambrosia
 u - 4 potions of flight
 v - 4 potions of might
 w - 3 potions of cancellation {unknown}
 E - 3 potions of magic {unknown}
 F - 2 potions of haste {unknown}
 H - 3 potions of invisibility {unknown}
 J - 2 potions of lignification {unknown}
 L - 3 potions of brilliance {unknown}
 O - 3 potions of heal wounds {unknown}
 P - 6 potions of mutation
Miscellaneous
 Z - a condenser vane


   Skills:
 - Level 9.6 Fighting
 - Level 17.3 Ranged Weapons
 - Level 9.6 Armour
 - Level 6.7 Dodging
 - Level 4.0 Stealth
 * Level 5.9 Shields
 - Level 11.0 Invocations
 - Level 2.0 Evocations


You had 11 spell levels left.
You knew the following spells:

 Your Spells              Type           Power      Damage    Failure   Level
w - Passwall              Tmut/Erth      0%         N/A       86%         2

Your spell library contained the following spells:

 Spells                   Type           Power      Damage    Failure   Level
 Kiss of Death            Conj/Necr      0%         2d5       73%         1
 Magic Dart               Conj           0%         1d3       73%         1
 Call Imp                 Summ           0%         N/A       86%         2
 Ensorcelled Hibernation  Hex/Ice        0%         N/A       86%         2
 Searing Ray              Conj           0%         2d4       86%         2
 Confusing Touch          Hex            0%         N/A       97%         3
 Mephitic Cloud           Conj/Pois/Air  0%         N/A       97%         3
 Portal Projectile        Hex/Tloc       0%         N/A       97%         3
 Summon Guardian Golem    Hex/Summ       0%         N/A       97%         3
 Tukima's Dance           Hex            0%         N/A       97%         3
 Animate Dead             Necr           0%         N/A       100%        4
 Dispel Undead            Necr           0%         3d6       100%        4
 Fulminant Prism          Conj/Hex       0%         3d5       100%        4
 Manifold Assault         Tloc           0%         N/A       100%        4
 Blade Hands              Tmut           0%         N/A       100%        5
 Death Channel            Necr           0%         N/A       100%        6
 Orb of Destruction       Conj           0%         9d5       100%        7
 Spellforged Servitor     Conj/Summ      0%         N/A       100%        7
 Storm Form               Tmut/Air       0%         N/A       100%        7
 Necromutation            Tmut/Necr      0%         N/A       100%        8
 Blink                    Tloc           Unusable   N/A       N/A         2
 Swiftness                Air            Unusable   N/A       N/A         3

Dungeon Overview and Level Annotations

Branches:
Dungeon (13/15) Zot: 25821  Temple (0/1) D:7            Lair (5/5) D:8 Zot: 25437
  Swamp (0/4) Lair:2        Snake (0/4) Lair:3        Slime (0/5) Lair:4
    Orc (0/2) D:9         Ossuary (visited)           IceCv (visited)
 Vaults: D:13-14

Altars:
Cheibriados
Dithmenos
Fedhas
Gozag
Qazlal
Vehumet
The Shining One
Jiyva

Shops:
D:12 (=?*

Annotations:
D:9 Harold
D:10 Erica


Innate Abilities, Weirdness & Mutations

You cannot be hasted, slowed, berserked, paralysed or teleported.
You can dig through walls and to a lower floor.
You have a pair of large antennae on your head. (SInv)
Your four strong arms can wield two-handed weapons with a shield.


Message History

The arrow hits the dire elephant simulacrum!
The dire elephant simulacrum is moderately damaged.
You shoot an arrow.
The arrow hits the dire elephant simulacrum.
The dire elephant simulacrum is heavily damaged.
You shoot an arrow.
The arrow hits the dire elephant simulacrum but does no damage.
The dire elephant simulacrum is heavily damaged.
You shoot an arrow.
The arrow hits the dire elephant simulacrum!
The dire elephant simulacrum is severely damaged.
You shoot an arrow.
The arrow hits the dire elephant simulacrum.
The dire elephant simulacrum is severely damaged.
You shoot an arrow.
The arrow hits the dire elephant simulacrum.
The dire elephant simulacrum is almost destroyed.
The dire elephant simulacrum tramples you but does no damage.
The dire elephant simulacrum trunk-slaps you.
The dire elephant simulacrum freezes you!
You resist.
You shoot an arrow.
The arrow hits the dire elephant simulacrum!
The dire elephant simulacrum vaporises!
Fedhas accepts your kill.
Your Invocations skill increases to level 11!
No target in view!
Magic restored.
HP restored.
Found 2 stones, a condenser vane and a hat.
You now have 1032 gold pieces (gained 22).
You pick up the Compilation of Last Rites and begin reading...
You add the spells Animate Dead, Death Channel and Necromutation to your library.
You see here a +1 halberd of freezing.
You see here a condenser vane.
Z - a condenser vane You see here a +0 giant spiked club of freezing.
A - 5 scrolls of enchant weapon (gained 1)
You see here a +0 hat.
You see here a +1 heavy dire flail.
You see here a +0 giant spiked club of freezing.
You see here 2 stones.
Found an ice covered gate leading back out of this place.
Partly explored, can't reach some places.
Partly explored, can't reach some places.
Search for what [? for help]? .
There is an ice covered gate leading back out of this place here.
Welcome back to the Lair of Beasts!
There is a collapsed entrance here.
Press: ? - help, v - describe, . - travel A collapsed entrance.
Things that are here:
a +5 ring of evasion; 4 scrolls of noise
Okay, then.
Okay, then.
You drop a +2 chain mail of cold resistance.
You're wearing all the rings you can.
Remove which one? (? for menu, Esc to cancel) < or
q - a +4 ring of slaying; > or
M - a ring of protection from cold You remove your ring of protection from cold.
s - a +4 ring of slaying (right hand)
Your movement speed is average.
Your attack delay is about 0.8 (and cannot be improved with additional weapon skill) (and is slowed by your armour).
Your damage rating with your +0 shortbow is about 27 (Base 9 x 127% (Dex) x 155% (Skill) + 10 (Slay)).
Unknown command.
You sense a monster nearby.
An electric eel comes into view.
You shoot an arrow. The arrow hits the electric eel!!
You kill the electric eel!
Fedhas appreciates your contribution to the ecosystem.
No target in view!
Found a stone staircase leading down.
You walk carefully through the fungus.
r - 3 grey potions (gained 1)
You now have 1036 gold pieces (gained 4).
Found a helmet.
You see here a +0 helmet.
A wyvern comes into view.
A wyvern is nearby!
You shoot an arrow. The arrow hits the wyvern.
The wyvern hisses angrily.
The wyvern is lightly wounded.
You shoot an arrow. The arrow completely misses the wyvern.
You shoot an arrow. The arrow hits the wyvern.
The wyvern is lightly wounded.
You shoot an arrow. The arrow closely misses the wyvern.
You shoot an arrow. The arrow hits the wyvern!!
The wyvern is almost dead.
The wyvern bites you but does no damage.
You shoot an arrow. The arrow barely misses the wyvern.
The wyvern barely misses you.
You shoot an arrow. The arrow hits the wyvern!
You kill the wyvern!
Fedhas appreciates your contribution to the ecosystem.
Your Shields skill increases to level 4!
No target in view!
You now have 1052 gold pieces (gained 16).
You walk carefully through the fungus.
A komodo dragon comes into view.
Found an escape hatch in the ceiling.
You shoot an arrow. The arrow hits the komodo dragon.
The komodo dragon hisses angrily.
The komodo dragon is lightly wounded.
You shoot an arrow.
The arrow barely misses the komodo dragon.
You shoot an arrow. The arrow hits the komodo dragon!!
The komodo dragon is heavily wounded.
You shoot an arrow. The arrow hits the komodo dragon.
The komodo dragon is severely wounded.
You shoot an arrow. The arrow hits the komodo dragon!
The komodo dragon is almost dead.
You shoot an arrow. The arrow hits the komodo dragon!
You kill the komodo dragon!
Fedhas appreciates your contribution to the ecosystem.
No target in view!
No target in view!
You see here a +0 helmet.
You walk carefully through the fungus.
You walk carefully through the plants.
You walk carefully through the fungus.
You walk carefully through the fungus.
You walk carefully through the fungus.
A polar bear comes into view.
Found a scroll of identify.
You shoot an arrow. The arrow hits the polar bear.
The polar bear growls angrily.
The polar bear is lightly wounded.
You shoot an arrow. The arrow hits the polar bear!
The polar bear is moderately wounded.
You hear an angry growl.
You shoot an arrow. The arrow hits the polar bear!!
The polar bear is severely wounded.
You shoot an arrow.
The arrow closely misses the polar bear.
A polar bear comes into view.
You shoot an arrow. The arrow hits the polar bear!
The polar bear is almost dead.
You shoot an arrow. The arrow hits the polar bear!
You kill the polar bear!
Fedhas appreciates your contribution to the ecosystem.
You shoot an arrow. The arrow hits the polar bear!
The polar bear is moderately wounded.
You shoot an arrow. The arrow hits the polar bear!
The polar bear is heavily wounded.
You shoot an arrow. The arrow hits the polar bear!
The polar bear is almost dead.
You shoot an arrow. The arrow hits the polar bear.
The polar bear is almost dead.
The polar bear goes berserk!
You shoot an arrow. The arrow hits the polar bear!
You kill the polar bear!
Fedhas appreciates your contribution to the ecosystem.
No target in view!
Found 7 stones.
Found 7 stones.
Found 9 stones.
Y - a scroll of identify
As you read the scroll of identify, it crumbles to dust.
r - 3 potions of ambrosia You see here 7 stones.
You see here 7 stones.
You see here 9 stones.
W - 2 scrolls labelled WUOXAPS HEYR (gained 1)
You see here 9 stones.
You now have 1072 gold pieces (gained 20).
You see here a polar bear corpse.
You see here a polar bear corpse.
Found a stone staircase leading down.
You walk carefully through the fungus.
u - 4 potions of flight (gained 1)
You now have 1087 gold pieces (gained 15).
You now have 1105 gold pieces (gained 18).
You walk carefully through the fungus.
You walk carefully through the plants.
You enter the shallow water.
Moving in this stuff is going to be slow.
You walk carefully through the plants.
You enter the shallow water.
Moving in this stuff is going to be slow.
You enter the shallow water.
Moving in this stuff is going to be slow.
Found a robe.
You see here a +0 robe.
Found a stone staircase leading up.
You now have 1120 gold pieces (gained 15).
You enter the shallow water.
Moving in this stuff is going to be slow.
A black mamba comes into view.
Found a wand of iceblast (7).
You shoot an arrow.
The arrow hits the black mamba but does no damage.
The black mamba hisses angrily.
You shoot an arrow. The arrow hits the black mamba.
The black mamba is lightly wounded.
You shoot an arrow. The arrow hits the black mamba!
The black mamba is moderately wounded.
You shoot an arrow. The arrow hits the black mamba!
The black mamba is severely wounded.
The black mamba bites you!
You shoot an arrow. The arrow hits the black mamba!
The black mamba is almost dead.
The black mamba bites you! The black mamba barely misses you.
You shoot an arrow. The arrow hits the black mamba!
You kill the black mamba!
Fedhas appreciates your contribution to the ecosystem.
Your Shields skill increases to level 5!
No target in view!
No target in view!
Magic restored.
HP restored.
n - a wand of iceblast (12) (gained 7 charges) Key pressed, stopping explore.
Unknown command.
Unknown command.
A cane toad comes into view.
You shoot an arrow. The cane toad gives a loud, deep croak!
The arrow hits the cane toad.
The cane toad is lightly wounded.
You shoot an arrow. The arrow hits the cane toad.
The cane toad is lightly wounded.
You shoot an arrow. The arrow hits the cane toad.
The cane toad is moderately wounded.
You shoot an arrow. The arrow barely misses the cane toad.
You shoot an arrow.
The arrow hits the cane toad but does no damage.
The cane toad is lightly wounded.
You shoot an arrow. The arrow hits the cane toad!
The cane toad is heavily wounded.
The cane toad stings you but does no damage.
You shoot an arrow. The arrow hits the cane toad!!
You kill the cane toad!
Fedhas appreciates your contribution to the ecosystem.
No target in view!
No target in view!
An electric eel comes into view.
You shoot an arrow. The arrow hits the electric eel!
The electric eel is almost dead.
The electric eel shoots out a bolt of lightning at you!
The bolt of electricity hits you.
You shoot an arrow. The arrow hits the electric eel!
You kill the electric eel!
Fedhas appreciates your contribution to the ecosystem.
You hear a splash.
An electric eel comes into view.
You shoot an arrow.
The arrow closely misses the electric eel.
The electric eel shoots out a bolt of lightning at you!
The bolt of electricity hits you!
You shoot an arrow.
The arrow closely misses the electric eel.
The electric eel shoots out a bolt of lightning at you!
The bolt of electricity misses you.
You shoot an arrow. The arrow hits the electric eel!
You kill the electric eel!
Fedhas appreciates your contribution to the ecosystem.
You hear a splash.
No target in view!
No target in view!
You see here an orb of mayhem.
Found a stone staircase leading down.
You enter the shallow water.
Moving in this stuff is going to be slow.
You sense a monster nearby.
A cane toad comes into view.
You shoot an arrow. The arrow hits the cane toad!
The cane toad is moderately wounded.
You shoot an arrow. The arrow hits the cane toad!
The cane toad is severely wounded.
You shoot an arrow. The arrow hits the cane toad!
The cane toad is almost dead.
The cane toad stings you!
You shoot an arrow. The arrow hits the cane toad!
You kill the cane toad!
Fedhas appreciates your contribution to the ecosystem.
No target in view!
You open the door.
Found a viscous altar of Jiyva.
Found a staircase to the Slime Pits.
There is an open door here.
There is a viscous altar of Jiyva here.
There is an open door here.
You now have 1139 gold pieces (gained 19).
You walk carefully through the fungus.
You walk carefully through the fungus.
Done exploring.
Done exploring.
Search for what [Enter for "."]? .
There is a stone staircase leading down here.
You climb downwards.
Beware, you cannot shaft yourself on this level.
Found a coppery potion, 3 stones and a scroll of vulnerability.
There is a stone staircase leading up here.
H - 3 coppery potions (gained 1)
p - 5 scrolls of vulnerability (gained 1)
Found a chain mail.
There is a stone staircase leading up here.
You climb upwards.
There is a stone staircase leading down here.
You enter the shallow water.
Moving in this stuff is going to be slow.
You walk carefully through the plants.
You enter the shallow water.
Moving in this stuff is going to be slow.
You walk carefully through the plants.
There is a stone staircase leading down here.
You climb downwards.
Beware, you cannot shaft yourself on this level.
Found a stone staircase leading up.
There is a stone staircase leading up here.
You shoot an arrow. The arrow hits the cane toad!
The cane toad croaks.
The cane toad is moderately wounded.
You hear an angry buzzing noise.
The cane toad stings you.
You are poisoned.
The cane toad poisons you!
You shoot an arrow. The arrow hits the cane toad!
The cane toad is severely wounded.
You feel very sick. The cane toad closely misses you.
The cane toad stings you but does no damage.
You shoot an arrow. The arrow barely misses the cane toad.
You feel sick.
You shoot an arrow. The arrow hits the cane toad!
The cane toad is almost dead.
You feel sick. The cane toad barely misses you. The cane toad stings you!
You shoot an arrow. The arrow hits the cane toad!
You kill the cane toad!
Fedhas appreciates your contribution to the ecosystem.
You feel sick.
A bullfrog comes into view.
You shoot an arrow. The bullfrog croaks.
The arrow hits the bullfrog!
The bullfrog is moderately wounded.
You feel sick.
You hear a loud, deep croak!
You hear an angry buzzing noise.
You shoot an arrow. The arrow hits the bullfrog!!
You kill the bullfrog!
Fedhas appreciates your contribution to the ecosystem.
You feel sick.
A blink frog comes into view.
A skyshark comes into view.
You shoot an arrow. The arrow hits the skyshark!!
The skyshark is moderately wounded.
You feel sick.
A blink frog comes into view.
A vampire mosquito comes into view.
A cane toad comes into view.
Fire: a) +0 shortbow
Press: ? - help, Q - select action, (/) - cycle Shift-Dir - straight line, f/p - skyshark
Aim: a skyshark (moderately wounded, 81% to hit)
You shoot an arrow. The vampire mosquito buzzes angrily.
The arrow hits the skyshark!
The skyshark is moderately wounded.
You feel sick.
Fire: a) +0 shortbow
Press: ? - help, Q - select action, (/) - cycle Shift-Dir - straight line, f/p - skyshark
Aim: a skyshark (moderately wounded, 81% to hit)
You shoot an arrow. The arrow hits the skyshark!
The skyshark is heavily wounded.
You feel sick.
A blink frog comes into view.
A bullfrog comes into view.
Fire: a) +0 shortbow
Press: ? - help, Q - select action, (/) - cycle Shift-Dir - straight line, f/p - skyshark
Aim: a skyshark (heavily wounded, 81% to hit)
You shoot an arrow. The bullfrog croaks.
The arrow hits the skyshark!
The skyshark is heavily wounded.
You hear a loud, deep croak!
You hear a croak.
A bullfrog comes into view.
The blink frog blinks!
Aiming: Iceblast
Press: ? - help, Shift-Dir - straight line, f - vampire mosquito, p - skyshark
Aim: a vampire mosquito The mass of ice explodes!
The iceblast engulfs the vampire mosquito!!
The vampire mosquito is severely damaged.
The iceblast engulfs the skyshark.
The skyshark is heavily wounded.
The iceblast engulfs the blink frog!!
The blink frog is severely wounded.
The iceblast engulfs the blink frog!!
The blink frog is severely wounded.
You feel sick.
You hear an angry buzzing noise. x2; You hear a roar!
You hear an angry buzzing noise.
You hear a howl!
You hear a croak.
The vampire mosquito closely misses you.
A goliath frog comes into view.
A bullfrog comes into view.
Okay, then.
You feel sick.
You are no longer poisoned.
The vampire mosquito misses you.
The blink frog blinks!
The blink frog hits you but does no damage. x2
The skyshark bites you but does no damage.
The skyshark closely misses you.
The skyshark tail-slaps you but does no damage.
The vampire mosquito closely misses you.
The blink frog blinks!
The blink frog hits you but does no damage.
You climb upwards.
There is a stone staircase leading down here.
Unknown command.
Aiming: Grow Ballistomycete (1% risk of failure)
Press: ? - help, Dir - move target A ballistomycete grows from the ground.
The blink frog hits you! The vampire mosquito barely misses you.
The skyshark closely misses you. The skyshark barely misses you.
The skyshark tail-slaps you but does no damage.
The blink frog hits you but does no damage. x2
The vampire mosquito bites you but does no damage.
A briar patch grows up from the ground. x4
The vampire mosquito bites you but does no damage.
The blink frog misses you.
The skyshark bites you but does no damage.
The skyshark tail-slaps you but does no damage. x2
The blink frog hits you!
The blink frog blinks!
The vampire mosquito bites you but does no damage.
You walk carefully through the plants.
The blink frog attacks as you move away!
The blink frog misses you.
The vampire mosquito bites you but does no damage.
The blink frog hits you!
The skyshark bites your briar patch but does no damage.
The skyshark tail-slaps your briar patch but does no damage. x2
The vampire mosquito bites you but does no damage.
The blink frog hits your ballistomycete!
The vampire mosquito is struck by your briar patch's thorns.
The vampire mosquito is destroyed!
Fedhas accepts your kill. The blink frog closely misses you.
The blink frog hits your ballistomycete.
The blink frog blinks!
A ballistomycete spore comes into view.
The skyshark bites your briar patch!
The skyshark tail-slaps your briar patch.
The skyshark tail-slaps your briar patch but does no damage.
Fire: a) +0 shortbow
Press: ? - help, Q - select action, (/) - cycle Shift-Dir - straight line, f - skyshark
Aim: a skyshark (heavily wounded, ally target, 81% to hit)
You shoot an arrow. The arrow hits the blink frog.
The blink frog is severely wounded.
The blink frog hits you but does no damage.
A ballistomycete spore comes into view.
Fire: a) +0 shortbow
Press: ? - help, Q - select action, (/) - cycle Shift-Dir - straight line, f/p - skyshark
Aim: a skyshark (heavily wounded, ally target, 81% to hit)
You shoot an arrow. The arrow hits the skyshark!!
The skyshark is severely wounded.
The blink frog closely misses you. The blink frog hits you.
The blink frog blinks!
The skyshark bites you!
* * * LOW HITPOINT WARNING * * *
The skyshark tastes blood and grows stronger!
The skyshark tail-slaps you!
* * * LOW HITPOINT WARNING * * *
The skyshark tail-slaps you!
* * * LOW HITPOINT WARNING * * *
A ballistomycete spore comes into view.
Press: ? - help, v - describe, . - travel
Here: a skyshark (severely wounded, strong, ally target)
The floor.
Unknown command.
Okay, then.
Press: ? - help, v - describe, . - travel
Here: a skyshark (severely wounded, strong, ally target)
The floor.
Aiming: Charm
Press: ? - help, Shift-Dir - straight line, f/p - skyshark
Aim: a skyshark (severely wounded, strong, ally target, chance to affect: 37%)
Okay, then.
Unknown command.
Fire: a) +0 shortbow
Press: ? - help, Q - select action, (/) - cycle Shift-Dir - straight line, f/p - skyshark
Aim: a skyshark (severely wounded, strong, ally target, 81% to hit)
Okay, then.
Unknown command.
Okay, then.
Your movement speed is average.
Your attack delay is about 0.8 (and cannot be improved with additional weapon skill) (and is slowed by your armour).
Your damage rating with your +0 shortbow is about 27 (Base 9 x 127% (Dex) x 155% (Skill) + 10 (Slay)).
Unknown command.
Unknown command.
Okay, then.
Unknown command.
Okay, then.
A briar patch grows up from the ground. x7
Your ballistomycete spore explodes!
Fedhas protects your plant from harm. x4
The skyshark bites you!!
* * * LOW HITPOINT WARNING * * *
The skyshark enters a blood-rage!
The skyshark closely misses you.
The skyshark tail-slaps you but does no damage.
Press: ? - help, v - describe, . - travel
Here: a skyshark (severely wounded, berserk, ally target)
The floor.
Unknown command.
Okay, then.
You walk carefully through the plants.
The skyshark attacks as you move away! The skyshark bites you!!
* * * LOW MAGIC WARNING * * *
You die...
Fedhas appreciates your contribution to the ecosystem.

#.P....≈≈....≈≈§#..#
###.#..........§§§§.##
#..............P....#
♣♣####...#.........P..####
.........#..F*F....####
......P#...P.......#
♣.P#..P.##.*P......##
♣...<...##...>PPPP.P###
.............PPP@P~~♣P##
...............lPP~♣~.~#
..P...P..#..#..###♣.P###
.~~~~P~.......### ##..#
.~~~~~.~~P....#.###...#
~~~~≈~~~~~P...##.###.###
~~~≈≈≈~P~~.............#
PP~~~~~.~~P...##.#####.##
.~~~~~~~~♣...###.#####..#


You could see a skyshark (berserk, ally target), 2 blink frogs, a friendly
ballistomycete (summoned) and 2 friendly ballistomycete spores.

Vanquished Creatures
  A hydra (Lair:3)
  4 two-headed ogres
  3 death yaks (Lair:4)
  A boulder beetle (Lair:2)
  A tengu warrior (D:13)
  Sonja (D:11)
  3 skysharks
  2 bog bodies (IceCv)
  2 deep elf pyromancers
  4 ugly things
  3 cyclopes
  An ice statue (IceCv)
  Joseph (D:8)
  2 torpor snails
  4 black mambas
  6 cane toads
  An unseen horror (D:12)
  Psyche (D:8)
  5 rime drakes
  A tengu conjurer (D:13)
  A kobold demonologist (D:13)
  5 komodo dragons
  A freezing wraith (IceCv)
  2 trolls (D:13)
  3 polar bears
  Prince Ribbit (D:8)
  A tyrant leech (Lair:2)
  A queen bee (shapeshifter) (D:13)
  A tarantella (shapeshifter) (D:13)
  A hornet (shapeshifter) (D:10)
  8 blink frogs
  2 hornets
  6 slime creatures
  A dire elephant simulacrum (IceCv)
  2 vampires
  2 shadows
  4 wyverns
  4 basilisks
  51 yaks
  2 wraiths
  3 death yak simulacra (IceCv)
  A harpy simulacrum (IceCv)
  6 vampire mosquitoes (D:11)
  A steam dragon (Lair:3)
  5 acid dragons
  4 swamp worms (Lair:2)
  6 water moccasins
  2 hydra simulacra (IceCv)
  4 orc warriors
  2 sky beasts (D:7)
  A black bear (D:5)
  3 ice beasts
  5 centaurs
  2 ogres (D:6)
  3 kobold brigands
  2 elf zombies (Ossuary)
  14 bullfrogs
  4 cane toad simulacra (IceCv)
  3 two-headed ogre simulacra (IceCv)
  3 scorpions
  A wight (D:9)
  18 killer bees
  An elephant simulacrum (IceCv)
  9 electric eels
  6 howler monkeys (D:7)
  A jelly (D:6)
  8 hounds
  7 orc priests
  2 human zombies (Ossuary)
  An iguana (D:5)
  14 orc wizards
  7 spriggan simulacra (IceCv)
  10 troll simulacra (IceCv)
  2 polar bear simulacra (IceCv)
  2 hound zombies (Ossuary)
  3 mummies (Ossuary)
  Robin (D:3)
  10 adders
  A naga simulacrum (IceCv)
  9 white imps
  6 ufetubi
  4 adder zombies (Ossuary)
  3 worms
  6 dart slugs
  28 orcs
  9 ball pythons
  7 endoplasms
  3 gnoll zombies (Ossuary)
  17 goblins
  15 hobgoblins
  7 jackals
  26 kobolds
  3 quokkas
  6 bats
  A frilled lizard (D:2)
  8 goblin zombies (Ossuary)
  A hobgoblin zombie (Ossuary)
  2 jackal zombies (Ossuary)
  8 kobold zombies (Ossuary)
  An orc zombie (Ossuary)
  A quokka zombie (Ossuary)
  4 rats
  2 rat zombies (Ossuary)
  A ballistomycete spore (Lair:4)
502 creatures vanquished.

Vanquished Creatures (collateral kills)
  A vampire mosquito (Lair:4)
  22 ballistomycete spores
23 creatures vanquished.

Vanquished Creatures (others)
  A sky beast (D:7)
  A killer bee (D:7)
  2 sleepcaps (D:7)
  A goblin (D:3)
  2 ballistomycete spores
  12 fungi
  14 plants
33 creatures vanquished.

Grand Total: 558 creatures vanquished

Notes
Turn   | Place    | Note
-------+----------+-------------------------------------------
     0 | D:1      | jagoly the Formicid Hunter began the quest for the Orb.
     0 | D:1      | Reached XP level 1. HP: 16/16 MP: 1/1
    65 | D:1      | Reached XP level 2. HP: 22/22 MP: 2/2
   350 | D:1      | Reached XP level 3. HP: 19/27 MP: 3/3
   892 | D:2      | Reached XP level 4. HP: 33/33 MP: 4/4
   986 | D:2      | Found a blossoming altar of Fedhas.
  1020 | D:2      | Became a worshipper of Fedhas Madash
  1591 | D:2      | Reached skill level 5 in Ranged Weapons
  1697 | D:3      | Reached XP level 5. HP: 37/39 MP: 5/5
  1701 | D:3      | Noticed Robin
  1708 | D:3      | Reached * piety under Fedhas
  2022 | D:3      | Reached skill level 1 in Armour
  2151 | D:3      | Killed Robin
  2289 | D:3      | Found a faded altar of an unknown god.
  2703 | D:4      | Reached XP level 6. HP: 31/47 MP: 6/6
  2705 | D:4      | Reached ** piety under Fedhas
  2776 | D:4      | Found a sand-covered staircase.
  2789 | Ossuary  | Entered an ossuary
  2837 | Ossuary  | Reached skill level 6 in Ranged Weapons
  3037 | Ossuary  | Reached XP level 7. HP: 52/52 MP: 7/7
  3226 | Ossuary  | Reached *** piety under Fedhas
  3428 | D:4      | Reached skill level 7 in Ranged Weapons
  3594 | D:4      | Reached XP level 8. HP: 54/60 MP: 8/8
  4041 | D:5      | Entered Level 5 of the Dungeon
  4047 | D:5      | Reached skill level 1 in Invocations
  4233 | D:5      | Reached skill level 8 in Ranged Weapons
  4475 | D:5      | Reached skill level 5 in Fighting
  4663 | D:5      | Reached **** piety under Fedhas
  4664 | D:5      | Reached XP level 9. HP: 68/68 MP: 11/11
  4917 | D:6      | Reached skill level 9 in Ranged Weapons
  5597 | D:7      | Noticed a hornet
  5600 | D:7      | Reached skill level 10 in Ranged Weapons
  5600 | D:7      | Reached skill level 5 in Invocations
  5608 | D:7      | Killed a hornet
  5610 | D:7      | Reached XP level 10. HP: 32/76 MP: 12/14
  6026 | D:7      | Reached skill level 11 in Ranged Weapons
  6037 | D:7      | Found a staircase to the Ecumenical Temple.
  6222 | D:8      | Reached ***** piety under Fedhas
  6751 | D:8      | Found a staircase to the Lair.
  6871 | D:8      | Noticed Prince Ribbit
  6880 | D:8      | Killed Prince Ribbit
  7052 | D:8      | Noticed Joseph
  7276 | D:8      | Noticed Psyche
  7281 | D:8      | Killed Psyche
  7304 | D:8      | Killed Joseph
  7569 | D:8      | Reached skill level 12 in Ranged Weapons
  7652 | D:9      | Noticed a two-headed ogre
  7663 | D:9      | Killed a two-headed ogre
  7664 | D:9      | Reached XP level 11. HP: 83/83 MP: 15/17
  7893 | D:9      | Learned a level 2 spell: Passwall
  7895 | D:9      | Found a staircase to the Orcish Mines.
  7941 | D:9      | Noticed a two-headed ogre
  7955 | D:9      | Killed a two-headed ogre
  7956 | D:9      | Reached skill level 5 in Dodging
  8253 | D:9      | Noticed a two-headed ogre
  8423 | D:9      | Noticed Harold
  8486 | D:9      | Killed a two-headed ogre
  8761 | D:9      | Reached skill level 13 in Ranged Weapons
  9534 | D:10     | Entered Level 10 of the Dungeon
 10114 | D:10     | Noticed Erica
 10528 | D:10     | Reached XP level 12. HP: 90/92 MP: 19/19
 11225 | D:7      | Found a radiant altar of Vehumet.
 11225 | D:7      | Found a snail-covered altar of Cheibriados.
 11227 | D:7      | Found a stormy altar of Qazlal.
 11229 | D:7      | Found a glowing golden altar of the Shining One.
 11229 | D:7      | Found an opulent altar of Gozag.
 11230 | D:7      | Found a shadowy altar of Dithmenos.
 11417 | D:11     | Noticed Sonja
 11487 | D:11     | Killed Sonja
 11655 | D:11     | Reached skill level 10 in Invocations
 11919 | D:11     | Reached skill level 14 in Ranged Weapons
 12211 | D:11     | You fall into a shaft and drop 2 floors!
 12282 | D:13     | Noticed a two-headed ogre
 12308 | D:13     | Killed a two-headed ogre
 12365 | D:13     | Reached skill level 15 in Ranged Weapons
 12366 | D:13     | Noticed a tengu warrior
 12383 | D:13     | Killed a tengu warrior
 12979 | D:12     | Found Jiujipn's Assorted Antiques.
 12982 | D:12     | Bought a scroll labelled BEOTI SINLYEPS for 22 gold pieces
 12982 | D:12     | Bought a spiked scale mail for 198 gold pieces
 12982 | D:12     | Identified the +9 scale mail of Boredom {Slay+2} (You
                  | bought it in a shop on level 12 of the Dungeon)
 12982 | D:12     | Bought a scroll labelled EHIMUO DOMN for 22 gold pieces
 13068 | D:13     | Noticed a boulder beetle
 13086 | D:13     | Noticed an ironbound preserver
 13120 | D:12     | Identified the +2 ring mail of the Iron City of Dis {Harm
                  | Drain Stlth+}
 13143 | D:12     | Reached XP level 13. HP: 101/101 MP: 20/20
 13235 | D:11     | Reached skill level 16 in Ranged Weapons
 13407 | D:12     | Reached skill level 1 in Evocations
 13455 | D:12     | Found Nuzel's Antique Weapon Boutique.
 13483 | D:12     | Found Saas's Jewellery Shop.
 13572 | D:12     | Found Jecackei's Magic Scroll Shop.
 13791 | Lair:1   | Entered Level 1 of the Lair of Beasts
 13805 | Lair:1   | Reached skill level 5 in Armour
 14505 | Lair:1   | Reached ****** piety under Fedhas
 15655 | Lair:2   | Found a staircase to the Swamp.
 16101 | Lair:3   | Reached XP level 14. HP: 108/108 MP: 21/21
 16122 | Lair:3   | Found a staircase to the Snake Pit.
 16509 | Lair:3   | Identified the +0 scale mail of Paranoia {+Blink rN+}
 16562 | Lair:3   | Reached skill level 17 in Ranged Weapons
 17359 | Lair:4   | Found a frozen archway.
 17458 | IceCv    | Entered an ice cave
 17975 | IceCv    | Reached skill level 1 in Shields
 18025 | IceCv    | Identified the +2 scale mail "Ujodin" {Regen+}
 19275 | IceCv    | Got the Compilation of Last Rites
 19681 | Lair:4   | Reached skill level 5 in Shields
 19917 | Lair:4   | Found a viscous altar of Jiyva.
 19917 | Lair:4   | Found a staircase to the Slime Pits.
 20112 | Lair:5   | Entered Level 5 of the Lair of Beasts
 20206 | Lair:4   | Slain by a skyshark

Illustrated notes

Levels and vault maps discovered:
D:1:      erik_arrival_blinker_ship, layout_loops_ring, serial_bayou_ford_a
D:2:      layout_basic, basic_altar, minmay_tromino_mix6
D:3:      layout_loops_corners, ebering_ecumenical_altar_rust,
          serial_bayou_pond_e, uniq_robin
D:4:      layout_basic, nicolae_ossuary_entry_plus, kennysheep_generic_room_6
D:5:      layout_gridville
D:6:      layout_basic
D:7:      layout_loops_ring, grunt_temple_overflow_open,
          minmay_temple_entry_glassed_door, minmay_starry_boxes
D:8:      layout_layer_cave, lair_entry_dummy, disabler_island, uniq_psyche,
          uniq_joseph, uniq_prince_ribbit1
D:9:      minmay_evil_eye, layout_loops_cross, orc_0_dummy,
          kennysheep_generic_room_7, uniq_harold
D:10:     nicolae_cairo_tiling, layout_cave_pools, uniq_erica
D:11:     layout_gridville, uniq_sonja
D:12:     kennysheep_bubbly, layout_basic, serial_shops, nicolae_shop_crystal,
          nicolae_stop_n_shop_2, nicolae_shop_window_shopping,
          nicolae_diamond_shop, nicolae_shop_statue_plus
D:13:     layout_roguey, skrybe_vaults_entry_preservation
Lair:1:   layout_cave_pods, serial_bayou_crossing
Lair:2:   layout_chaotic_city, minmay_swamp_entry_worms, fungi_pond_lemuel,
          grunt_megastairs_3, lemuel_fruit_fields, infiniplex_staircase_pool_2
Lair:3:   layout_cave_pods, dummy_snake_entry, chequers_serial_rivers_room_a,
          grunt_megastairs_4
Lair:4:   layout_gridlike, dpeg_slime_entry_enclosed, serial_bayou,
          serial_bayou_pond_b, serial_bayou_pond_e, serial_bayou_lagoon_b,
          serial_bayou_pond_d, portal_ice_cave_entry_pillars_2,
          gammafunk_lair_bear_cave
Lair:5:   minmay_lair_end_frog_pond, layout_long_grid, nicolae_lair_lindhole

Skill      XL: |  1  2  3  4  5  6  7  8  9 10 11 12 13 14 |
---------------+-------------------------------------------+-----
Stealth        | 2 3 4 |  4.0
Dodging        | 2 3 4 6 |  6.7
Ranged Weapons | 5 6 7 8 10 12 13 15 16 17 | 17.3
Armour         | 1 9 |  9.6
Fighting       | 3 4 5 6 8 9 |  9.6
Invocations    | 3 5 8 9 10 11 | 11.0
Evocations     | 2 |  2.0
Shields        | 5 |  5.9

Action                     |  1- 3 |  4- 6 |  7- 9 | 10-12 | 13-15 || total
---------------------------+-------+-------+-------+-------+-------++-------
   Fire: Shortbow          |    73 |   243 |   218 |   577 |   758 ||  1869
         Arbalest          |       |       |       |       |     8 ||     8
  Throw: Dart              |       |       |     3 |     2 |     6 ||    11
 Invoke: Grow Ballistomyce |       |       |       |     4 |     4 ||     8
         Wall of Briars    |       |       |       |     1 |     5 ||     6
Ability: Dig               |       |       |       |     2 |     2 ||     4
  Evoke: Wand              |       |       |     1 |     8 |     1 ||    10
    Use: Scroll            |       |     1 |     3 |     2 |    10 ||    16
         Potion            |       |       |     1 |     3 |       ||     4
 Armour: Leather armour    |     9 |    14 |       |       |       ||    23
         Robe              |       |       |     3 |    31 |       ||    34
         Scale mail        |       |       |       |     1 |   147 ||   148
  Dodge: Dodged            |    18 |    81 |    59 |   135 |   162 ||   455

Table legend: (Time is in decaauts)
 A = Elapsed time spent in this place.
 B = Non-inter-level travel time spent in this place.
 C = Inter-level travel time spent in this place.
 D = Time resting spent in this place.
 E = Time spent auto-exploring this place.
 F = Levels seen in this place.
 G = Mean time per level.
                   A        B        C        D        E       F      G
               +--------+--------+--------+--------+--------+-----+--------+
         Total |  20207 |  18916 |   1291 |   2188 |  12385 |  20 | 1010.3 |
       Dungeon |  13322 |  12192 |   1130 |   1513 |   8019 |  13 | 1024.8 |
          Lair |   4562 |   4401 |    161 |     73 |   3585 |   5 |  912.4 |
       Ossuary |    511 |    511 |      0 |     42 |     16 |   1 |  511.0 |
      Ice Cave |   1810 |   1810 |      0 |    559 |    765 |   1 | 1810.0 |
               +--------+--------+--------+--------+--------+-----+--------+

Top non-repeatable levels by time:
     D:9: 2294 daAuts
   IceCv: 1810 daAuts
     D:8: 1431 daAuts
    D:11: 1358 daAuts
     D:7: 1351 daAuts
  Lair:1: 1205 daAuts
  Lair:3: 1181 daAuts
  Lair:2: 1066 daAuts
  Lair:4: 1066 daAuts
     D:2: 995 daAuts
     D:4: 976 daAuts
     D:3: 929 daAuts
    D:10: 860 daAuts
     D:1: 783 daAuts
     D:5: 743 daAuts
